 Dungeon Crawl Stone Soup version 0.28.0-53-g5a82cb258f (webtiles) character file.

Game seed: 15381828120113318866

926 quixfox the Chopper (level 7, -1/64 HPs)
             Began as a Minotaur Fighter on July 12, 2022.
             Was a Follower of Okawaru.
             Slain by Pikel
             ... wielding a +1 whip of flaming
              (7 damage)
             ... on level 5 of the Dungeon.
             The game lasted 00:07:45 (5890 turns).

quixfox the Chopper (Minotaur Fighter)              Turns: 5890, Time: 00:07:45

Health: -1/64      AC: 10    Str: 22    XL:     7   Next: 85%
Magic:  6/6        EV:  9    Int:  5    God:    Okawaru [*.....]
Gold:   384        SH:  4    Dex: 10    Spells: 6/6 levels left

rFire   . . .      SeeInvis .   a - +1 war axe
rCold   + . .      Faith    .   c - +0 buckler
rNeg    . . .      Spirit   .   b - +0 scale mail
rPois   .          Reflect  .   (helmet restricted)
rElec   .          Harm     .   r - +0 cloak
rCorr   .          Rampage  .   p - +0 pair of gloves
Will    .....                   (no boots)
Stlth   ..........              (no amulet)
HPRegen 0.20/turn               q - ring of protection from cold
MPRegen 0.10/turn               (no ring)

@: no status effects
A: horns 2, retaliatory headbutt
a: Renounce Religion, Heroism


You were on level 5 of the Dungeon.
You worshipped Okawaru.
Okawaru was aware of your devotion.
You visited 2 branches of the dungeon, and saw 6 of its levels.

You collected 384 gold pieces.

Inventory:

Hand Weapons
 a - a +1 war axe (weapon)
Armour
 b - a +0 scale mail (worn)
 c - a +0 buckler (worn)
 p - a +0 pair of gloves (worn)
 r - a +0 cloak (worn)
Jewellery
 j - a +6 ring of intelligence
 q - a ring of protection from cold (left hand)
 t - an amulet of guardian spirit
Wands
 s - a wand of flame (22) (quivered)
 u - a wand of polymorph (1)
Scrolls
 e - 3 scrolls of teleportation
 g - 3 scrolls of enchant weapon
 h - 4 scrolls of identify
 i - a scroll of magic mapping {unknown}
 k - a scroll of fog {unknown}
 l - a scroll of summoning {unknown}
 m - a scroll of noise {unknown}
 n - a scroll of enchant armour {unknown}
 o - a scroll of fear {unknown}
 w - a scroll of blinking {unknown}
 x - a scroll of amnesia {unknown}
Potions
 d - a potion of ambrosia {unknown}
 f - a potion of degeneration
 v - a potion of flight {unknown}


   Skills:
 + Level 6.4 Fighting
 * Level 7.8 Axes
 + Level 6.4 Armour
 - Level 3.6 Shields
 + Level 1.3 Invocations


You had 6 spell levels left.
You didn't know any spells.
Your spell library contained the following spells:

 Spells                   Type           Power      Damage    Failure   Level
 Confusing Touch          Hex            0%         N/A       99%         3
 Yara's Violent Unravell  Hex/Tmut       0%         3d3       100%        5
 Enfeeble                 Hex            0%         N/A       100%        7


Dungeon Overview and Level Annotations

Branches:
Dungeon (5/15)             Temple (1/1) D:4

Altars:
Ashenzari
Cheibriados
Dithmenos
Elyvilon
Fedhas
Gozag
Hepliaklqana
Kikubaaqudgha
Makhleb
Nemelex Xobeh
Okawaru
Qazlal
Ru
Trog
Uskayaw
Vehumet
Wu Jian
Xom
Yredelemnul
Zin
The Shining One

Annotations:
D:4 3 runed translucent doors, BiteMe's ghost, amateur DsVM
D:5 Pikel


Innate Abilities, Weirdness & Mutations

You have a pair of horns on your head.
You reflexively headbutt those who attack you in melee.


Message History

A lemure comes into view.
The lemure shouts!
You slash Pikel!
Pikel is moderately wounded.
A lemure comes into view.
Pikel hits you with a +1 whip of flaming.
Pikel burns you.
You slash Pikel!
Pikel is heavily wounded.
Pikel hits you with a +1 whip of flaming.
Pikel burns you.
You are too injured to fight recklessly!
You are too injured to fight recklessly!
You are too injured to fight recklessly!
You are too injured to fight recklessly!
You are too injured to fight recklessly!
You closely miss Pikel.
Pikel is heavily wounded.
Pikel hits you with a +1 whip of flaming.
Pikel burns you.
You barely miss Pikel. Your headbutt misses Pikel.
Pikel is heavily wounded.
Pikel hits you with a +1 whip of flaming.
Pikel burns you.
* * * LOW HITPOINT WARNING * * *
You hit Pikel. Your headbutt misses Pikel.
Pikel is heavily wounded.
Pikel hits you with a +1 whip of flaming.
* * * LOW HITPOINT WARNING * * *
Pikel burns you.
* * * LOW HITPOINT WARNING * * *
You slash Pikel! You headbutt Pikel.
Pikel is severely wounded.
Pikel says, "I'm sure the Orcish Mines are around here somewhere..."
Pikel hits you with a +1 whip of flaming!
* * * LOW HITPOINT WARNING * * *
Pikel burns you.
* * * LOW HITPOINT WARNING * * *
Pikel hits you with a +1 whip of flaming!
You die...

#... ###############
#... #.....#........
#... #.....#........
#... #.....#...^....
#..5 #.....#........ .55
#...###...###..
##K###.).###...###..
#..@......#......'..
#.........#......#..
#.........#......#..
####
########....####'##+##.#
...#
#......#....###..##.##.#
...#
#......'..........#.....
...#
#......#..........#.....
...#
#......#..........#.....
...#
#......#..........#.....


You could see Pikel and 3 lemures.

Vanquished Creatures
  Sigmund (D:5)
  Edmund (D:5)
  4 ogres
  Ijyb (D:5)
  2 iguanas (D:4)
  An orc wizard (D:3)
  4 hound skeletons
  4 adders
  A white imp (D:5)
  An ufetubus (D:5)
  An adder skeleton (D:4)
  2 dart slugs (D:1)
  11 orcs
  5 ball pythons
  5 endoplasms
  5 giant cockroaches
  8 goblins
  5 hobgoblins
  10 jackals
  8 kobolds
  4 quokkas
  8 bats
  26 rats
118 creatures vanquished.

Notes
Turn   | Place    | Note
-------+----------+-------------------------------------------
     0 | D:1      | quixfox the Minotaur Fighter began the quest for the Orb.
     0 | D:1      | Reached XP level 1. HP: 19/19 MP: 0/0
   225 | D:1      | Reached skill level 3 in Axes
   225 | D:1      | Reached XP level 2. HP: 27/27 MP: 1/1
   750 | D:1      | Reached XP level 3. HP: 31/33 MP: 2/2
  1369 | D:2      | Reached skill level 4 in Axes
  1371 | D:2      | Reached XP level 4. HP: 41/41 MP: 3/3
  2197 | D:3      | Noticed an ogre
  2200 | D:3      | HP: 1/41 [ogre/+0 giant club (26)]
  2744 | D:3      | Killed an ogre
  2745 | D:3      | Reached skill level 5 in Axes
  2745 | D:3      | Reached XP level 5. HP: 10/47 MP: 4/4
  3348 | D:4      | Reached skill level 5 in Fighting
  3348 | D:4      | Reached skill level 5 in Armour
  3519 | D:4      | Identified the +3 quarterstaff "Kido Quk" {venom, rN+}
  3530 | D:4      | Reached XP level 6. HP: 30/56 MP: 5/5
  3902 | D:4      | Reached skill level 6 in Axes
  4305 | D:4      | Found a staircase to the Ecumenical Temple.
  4382 | Temple   | Entered the Ecumenical Temple
  4471 | Temple   | Became a worshipper of Warmaster Okawaru
  4771 | D:4      | Found a runed translucent gate.
  4771 | D:4      | Found a runed translucent gate.
  4771 | D:4      | Found a runed translucent gate.
  4772 | D:4      | Noticed BiteMe's ghost (amateur DsVM)
  4861 | D:4      | Reached XP level 7. HP: 62/62 MP: 6/6
  5017 | D:5      | Entered Level 5 of the Dungeon
  5020 | D:5      | Noticed Sigmund
  5037 | D:5      | Killed Sigmund
  5038 | D:5      | Reached skill level 7 in Axes
  5358 | D:5      | Noticed Ijyb
  5383 | D:5      | Killed Ijyb
  5785 | D:5      | Noticed Edmund
  5793 | D:5      | Killed Edmund
  5793 | D:5      | Reached * piety under Okawaru
  5794 | D:5      | Reached skill level 1 in Invocations
  5882 | D:5      | Noticed Pikel
  5890 | D:5      | Slain by Pikel

Illustrated notes

Levels and vault maps discovered:
D:1:      amcnicky_arrival_choice, layout_basic
D:2:      layout_loops_ring, grunt_ministairs_5, kennysheep_generic_room_15
D:3:      layout_loops_ring, chequers_avenue
D:4:      layout_rooms, temple_statues, ebering_ghost_rock_garden,
          nrook_mini_backslash, minmay_rat_hole
D:5:      layout_gridville, uniq_edmund, uniq_pikel, uniq_sigmund, uniq_ijyb
Temple:   mainiacjoe_temple_archimedes_tessellation

Skill      XL: |  1  2  3  4  5  6  7 |
---------------+----------------------+-----
Axes           | 3 4 5 6 7 |  7.8
Armour         | 4 5 6 |  6.4
Fighting       | 4 5 6 |  6.4
Invocations    | 1 |  1.3
Shields        | |  3.6

Action                   |  1- 3 |  4- 6 |  7- 9 || total
-------------------------+-------+-------+-------++-------
Melee: War axe           |    86 |   120 |    46 ||   252
       Headbutt          |    17 |    13 |     8 ||    38
  Use: Scroll            |       |     4 |       ||     4
       Potion            |       |     1 |     1 ||     2
 Stab: Invisible         |       |       |     1 ||     1
Armor: Scale mail        |    51 |    47 |    14 ||   112
Dodge: Dodged            |    34 |    39 |    16 ||    89
Block: Buckler           |    21 |    17 |     7 ||    45
